AoeStats
← bvdb

Black Forest

510734637Analyzed
4v4 RM · 19h ago on Oct 2, 2026· 45m 6s· 8 players
Game mode
Random Map
Map size
Large (8 player)
Population
200
Speed
Normal
Resources
Standard
Victory
Conquest
Starting age
Dark Age
Ending age
Imperial Age
RankedLock teamsTeams togetherTeam positionsShared explorationLock speedFull tech treeHidden civsTurbo modeCheats
Victory
Defeat
🇮🇳 Mongols · India
1280
+12
🇨🇳 Hindustanis · China
1278
+12
🇹🇼 Aztecs · Taiwan
1244
+13
🇨🇳 Sicilians · China
1205
+15
🇮🇳 Wu · India
1265
-15
🇹🇷 Britons · Türkiye
1203
-14
🇳🇱 Vietnamese · Netherlands
1176
-13
🇹🇼 Huns · Taiwan
1107
-10
_GeeK_
10:51 Feudal Age
11:43 Double-Bit Axe
12:21 Horse Collar
14:44 Castle Age
15:50 Bow Saw
15:43 Heavy Plow
21:26 Wheelbarrow
21:41 Gold Mining
23:52 Loom
24:27 Hand Cart
24:51 Stone Mining
25:16 Town Watch
28:58 Imperial Age
27:07 Caravan
27:35 Fletching
27:46 Padded Archer Armor
28:08 Ballistics
27:59 Masonry
28:42 Bodkin Arrow
30:03 Gold Shaft Mining
30:05 Stone Shaft Mining
29:47 Leather Archer Armor
30:52 Chemistry
30:31 Coinage
31:01 Bracer
31:09 Siege Engineers
32:28 Conscription
32:37 Thumb Ring
32:58 Parthian Tactics
33:00 Drill
33:04 Bloodlines
32:55 Husbandry
33:04 Elite Mangudai
33:24 Capped Ram
35:03 Banking
34:38 Onager
35:38 Siege Ram
36:58 Scale Barding Armor
37:04 Forging
36:54 Murder Holes
36:50 Guard Tower
38:27 Hoardings
39:23 Chain Barding Armor
39:40 Iron Casting
39:58 Siege Onager
哈撒韦
10:15 Feudal Age
13:57 Castle Age
12:13 Double-Bit Axe
12:37 Horse Collar
21:52 Bow Saw
23:19 Wheelbarrow
23:23 Heavy Plow
23:33 Gold Mining
24:45 Hand Cart
24:41 Stone Mining
25:34 Gold Shaft Mining
26:40 Loom
29:37 Imperial Age
28:18 Stone Shaft Mining
27:41 Fletching
28:20 Ballistics
28:34 Bodkin Arrow
28:40 Padded Archer Armor
29:02 Elite Skirmisher
30:01 Leather Archer Armor
29:46 Heavy Mounted Crossbowman
29:46 Cranequins
30:27 Bracer
31:32 Chemistry
30:58 Conscription
31:02 Scale Barding Armor
31:08 Forging
31:38 Town Watch
33:03 Coinage
34:19 Banking
34:04 Guilds
36:12 Crop Rotation
39:46 Masonry
39:39 Caravan
41:24 Bloodlines
41:15 Husbandry
苟住
7:55 Loom
11:05 Feudal Age
16:32 Castle Age
14:44 Double-Bit Axe
16:19 Horse Collar
22:12 Wheelbarrow
21:25 Town Watch
23:57 Stone Mining
24:26 Heavy Plow
26:06 Gold Mining
27:43 Gold Shaft Mining
31:24 Imperial Age
29:25 Grand Trunk Road
29:43 Bow Saw
30:26 Scale Barding Armor
30:53 Bloodlines
30:55 Forging
31:49 Chain Barding Armor
32:09 Scale Mail Armor
33:05 Stone Shaft Mining
32:01 Heavy Camel Rider
33:58 Two-Man Saw
34:08 Iron Casting
34:04 Chain Mail Armor
33:54 Fletching
34:30 Hand Cart
34:50 Conscription
36:47 Blast Furnace
35:44 Bodkin Arrow
37:16 Bracer
37:52 Plate Barding Armor
36:53 Elite Ghulam
38:09 Padded Archer Armor
38:53 Husbandry
38:15 Light Cavalry
39:28 Leather Archer Armor
39:22 Town Patrol
40:52 Ring Archer Armor
39:58 Hussar
43:42 Caravan
Garfield
0:33 Loom
11:57 Feudal Age
17:44 Castle Age
16:59 Double-Bit Axe
21:52 Horse Collar
24:35 Heavy Plow
26:39 Gold Mining
32:16 Imperial Age
29:35 Town Watch
30:26 Wheelbarrow
29:48 Eagle Warrior
30:47 Forging
30:47 Scale Mail Armor
31:08 Fervor
31:45 Gold Shaft Mining
31:18 Squires
32:11 Iron Casting
31:36 Arson
31:39 Pikeman
33:49 Chain Mail Armor
33:54 Block Printing
35:18 Blast Furnace
35:10 Redemption
35:38 Elite Eagle Warrior
36:50 Plate Mail Armor
37:17 Conscription
39:51 Bow Saw
40:35 Hand Cart
44:20 Crop Rotation
45:23 Garland Wars
45:34 Town Patrol
45:26 Fletching
[T41] Indian War Lord
14:40 Feudal Age
20:27 Castle Age
19:13 Double-Bit Axe
19:43 Gold Mining
19:42 Horse Collar
21:39 Bow Saw
21:30 Loom
27:07 Wheelbarrow
27:15 Heavy Plow
29:20 Hand Cart
31:21 Gold Shaft Mining
30:38 Stone Mining
35:09 Imperial Age
33:12 Scale Mail Armor
33:44 Fletching
34:58 Arson
36:08 Chain Mail Armor
36:04 Forging
38:05 Plate Mail Armor
40:55 Iron Casting
43:13 Blast Furnace
bvdb
0:59 Loom
13:47 Feudal Age
16:26 Wheelbarrow
20:13 Castle Age
18:33 Double-Bit Axe
19:23 Stone Mining
19:31 Gold Mining
19:42 Horse Collar
21:41 Bow Saw
28:34 Heavy Plow
29:53 Caravan
30:18 Town Watch
31:34 Hand Cart
31:03 Treadmill Crane
32:40 Chatras
33:22 Scale Barding Armor
35:24 Bloodlines
35:14 Husbandry
38:01 Imperial Age
36:04 Fortified Wall
36:15 Ballistics
36:06 Masonry
36:56 Forging
37:08 Chain Barding Armor
39:48 Plate Barding Armor
39:24 Elite Skirmisher
39:57 Fletching
40:06 Elite Skirmisher
42:09 Elite Rattan Archer
42:17 Elite Skirmisher
Karral
0:26 Loom
10:58 Feudal Age
15:16 Castle Age
14:18 Double-Bit Axe
15:00 Horse Collar
23:46 Caravan
25:25 Heavy Plow
31:57 Imperial Age
30:48 Fletching
30:59 Padded Archer Armor
31:48 Pikeman
34:07 Elite Longbowman
35:14 Bodkin Arrow
35:34 Leather Archer Armor
36:27 Halberdier
37:43 Bracer
39:47 Scale Mail Armor
39:58 Forging
43:26 Yeomen
43:28 Conscription
Amork
7:19 Loom
10:22 Feudal Age
12:37 Double-Bit Axe
15:36 Castle Age
17:20 Bow Saw
19:10 Wheelbarrow
19:12 Horse Collar
23:26 Gold Mining
23:26 Stone Mining
27:15 Imperial Age
25:45 Gold Shaft Mining
25:29 Hand Cart
25:41 Bloodlines
26:11 Forging
26:56 Heavy Plow
27:41 Scale Barding Armor
27:25 Cavalier
28:43 Iron Casting
28:12 Husbandry
29:11 Chain Barding Armor
30:09 Two-Man Saw
29:41 Murder Holes
30:19 Conscription
30:19 Light Cavalry
31:37 Plate Barding Armor
35:33 Blast Furnace
35:57 Fletching
36:07 Town Watch
36:26 Padded Archer Armor
36:34 Thumb Ring
35:50 Heavy Cavalry Archer
38:16 Bodkin Arrow
39:33 Ballistics
40:46 Bracer
41:02 Leather Archer Armor
40:30 Elite Skirmisher
41:15 Imperial Skirmisher
43:48 Chemistry
42:59 Masonry
Connection lost

Rejoining the realm…

Still unreachable

The connection could not be restored.

Session expired

The server has moved on; the page needs a fresh start.